Map: Disco Bloodbath LE

Players

Mez - Winner!

  • Race: Terran Terran
  • League: Master
  • Spawn Location: 9:00

LoGG

  • Race: Terran Terran
  • League: Master
  • Spawn Location: 3:00

VOD

Have the link to the VOD?

Description

Time

  • Played on: Sept. 5, 2019, 10:43 a.m.
  • Length: 17:06
Show
View Real Time Build Order
Export as new Build Order

Mez Terran - Winner!

Build Orders: Gas First Reaper Expand, Liberator Opening 

Get SALT Encoding   

  12  0:00  SCV  
  13  0:14  SCV  
  13  0:17  Supply Depot  
  14  0:26  SCV  
  14  0:28  Refinery  
  15  0:39  SCV  
  16  0:47  Barracks  
  16  0:51  SCV  
  17  1:03  SCV  
  18  1:15  SCV  
  19  1:34  Orbital Command, Reaper  
  20  1:47  Command Center  
  20  2:01  Factory  
  20  2:03  SCV  
  21  2:11  Supply Depot  
  21  2:13  Barracks Reactor  
  21  2:17  SCV  
  22  2:24  Refinery  
  22  2:30  SCV  
  23  2:43  SCV  
  24  2:47  Starport  
  24  2:54  Hellion x2  
  24  2:56  Barracks Tech Lab  
  29  3:02  Orbital Command  
  28  3:15  Hellion  
  28  3:16  Hellion  
  32  3:21  Marauder  
  32  3:22  Concussive Shells  
  32  3:25  Medivac  
  36  3:37  Hellion x2  
  40  3:43  Marauder  
  40  3:47  Supply Depot  
  42  3:49  SCV x2  
  42  3:51  Liberator  
  47  4:11  SCV  
  47  4:15  SCV  
  49  4:19  Supply Depot  
  49  4:21  Marine, Cyclone  
  49  4:23  SCV  
  54  4:41  SCV x2  
  41  4:53  SCV  
  42  5:00  SCV  
  42  5:01  Marine x2  
  42  5:02  Siege Tank  
  42  5:05  SCV  
  47  5:08  Command Center, Starport Tech Lab  
  47  5:12  SCV  
  48  5:17  SCV  
  48  5:20  Barracks  
  48  5:21  Barracks  
  51  5:25  SCV  
  51  5:26  Supply Depot  
  51  5:27  Engineering Bay  
  50  5:28  Raven  
  50  5:29  SCV  
  53  5:37  SCV  
  53  5:41  SCV  
  53  5:45  Factory Tech Lab  
  53  5:48  Refinery  
  53  5:49  Refinery  
  53  5:50  Supply Depot  
  53  5:51  Stimpack  
  53  5:52  Engineering Bay  
  53  5:55  SCV x2  
  55  6:01  Supply Depot  
  55  6:02  Marine  
  56  6:06  Siege Tank  
  59  6:17  SCV x2  
  58  6:22  Starport Reactor  
  58  6:23  Orbital Command  
  58  6:31  SCV x2  
  60  6:39  Orbital Command  
  60  6:40  Terran Infantry Armor Level 1, Terran Infantry Weapons Level 1  
  60  6:42  Supply Depot  
  60  6:43  SCV x2, Supply Depot  
  62  6:51  Siege Tank  
  62  6:52  Marine x2  
  62  6:53  Marine x2  
  69  6:59  Barracks  
  69  7:00  Barracks  
  69  7:02  SCV x2  
  69  7:07  SCV  
  72  7:10  Marine x3  
  72  7:11  Marine  
  72  7:13  Medivac  
  72  7:14  SCV, Medivac  
  81  7:17  SCV  
  81  7:19  SCV  
  83  7:24  Siege Tank  
  83  7:26  SCV  
  83  7:28  Marine x3, Combat Shield  
  83  7:29  SCV  
  91  7:31  SCV  
  92  7:44  Marine  
  92  7:45  Medivac, Supply Depot x2  
  92  7:46  Marine  
  92  7:49  Medivac, Refinery  
  92  7:50  SCV x3, Refinery  
  101  7:52  Barracks Reactor  
  101  7:54  Barracks Tech Lab  
  101  8:06  Marine x2, Marauder x2  
  101  8:11  Command Center  
  107  8:15  Marauder  
  107  8:19  Medivac x2  
  113  8:30  Supply Depot  
  113  8:31  Supply Depot  
  113  8:32  Marine x2, Siege Tank, Marauder x2  
  113  8:33  Marine x2  
  123  8:41  Armory  
  123  8:45  Starport  
  123  8:57  Marine x4, Marauder x3  
  123  9:02  Supply Depot  
  133  9:03  Viking x2  
  133  9:04  Supply Depot  
  133  9:07  Siege Tank  
  105  9:58  Marine x3, Marauder x3, Viking  
  105  9:59  Viking  
  110  10:01  Starport Reactor  
  110  10:04  Terran Infantry Armor Level 2, Terran Infantry Weapons Level 2  
  110  10:06  Starport  
  104  10:07  Fusion Core  
  104  10:10  Command Center  
  102  10:16  Siege Tank  
  102  10:19  Marauder  
  107  10:25  Terran Ship Weapons Level 1  
  107  10:26  Supply Depot  
  107  10:28  Marine, Supply Depot, Viking  
  107  10:29  Marine x3, Marauder x2  
  117  10:36  SCV x4  
  117  10:40  Marine  
  122  10:44  Refinery  
  122  10:47  Starport Tech Lab  
  122  10:50  Refinery  
  120  11:03  Marine x3, Marauder x3, Viking  
  120  11:04  Viking x3  
  121  11:14  Siege Tank  
  121  11:16  SCV x2, Planetary Fortress  
  126  11:23  SCV  
  126  11:24  Orbital Command, Marauder x2  
  131  11:27  Marine x2  
  131  11:28  SCV x2, Marauder, Viking  
  131  11:30  Advanced Ballistics  
  139  11:40  Viking x3  
  139  11:41  Viking  
  147  11:48  Marauder x2  
  147  11:49  Marine, Liberator, Marauder  
  154  11:55  Marine  
  154  11:56  Marine, Siege Tank  
  154  11:57  SCV  
  154  11:58  SCV  
  163  12:16  Liberator x4  
  163  12:18  Marine x3, Marauder x2  
  163  12:19  Marauder  
  143  12:32  Siege Tank  
  143  12:35  Liberator  
  150  12:40  Marine x2, Marauder x2  
  154  12:54  Marine x2, Marauder  
  154  12:58  Barracks  
  161  12:59  Barracks  
  161  13:00  Barracks  
  161  13:01  Marauder x2  
  165  13:10  Liberator x3  
  165  13:19  Marine x3, Marauder  
  170  13:22  Marauder  
  170  13:23  Marauder  
  170  13:26  Siege Tank  
  173  13:28  Viking  
  177  13:34  Viking  
  177  13:36  Marine  
  177  13:37  Marine  
  177  13:40  Marauder  
  183  13:44  Marauder  
  183  13:45  Terran Infantry Weapons Level 3  
  183  13:47  Terran Infantry Armor Level 3  
  185  13:58  Siege Tank  
  188  14:05  Liberator x5  
  197  14:28  Terran Ship Weapons Level 2  
  197  14:30  SCV  
  192  14:48  Liberator x2  
  186  14:55  Marine x3, Marauder x2  
  186  14:56  Marauder  
  193  15:17  Marauder  
  195  15:26  Marauder x2  
  181  16:01  Command Center  
  181  16:08  Command Center x2  
  181  16:17  Marine, Marauder  
  181  16:18  Marauder x2  
  167  17:02  Barracks Tech Lab x3  
Show
View Real Time Build Order
Export as new Build Order

LoGG Terran 

Build Orders: Gas First Reaper Expand 

Get SALT Encoding   

  12  0:00  SCV  
  13  0:13  SCV  
  14  0:17  Supply Depot  
  14  0:25  SCV  
  14  0:27  Refinery  
  15  0:38  SCV  
  16  0:51  SCV  
  16  0:53  Barracks  
  17  1:03  SCV  
  18  1:16  SCV  
  19  1:40  Orbital Command, Reaper  
  20  1:48  Command Center  
  20  2:06  SCV  
  21  2:10  Factory  
  21  2:13  Barracks Reactor  
  21  2:18  SCV  
  22  2:24  Supply Depot  
  22  2:25  Refinery  
  22  2:30  SCV  
  23  2:46  SCV  
  23  2:49  Marine  
  23  2:50  Marine  
  26  2:55  Factory Tech Lab, Starport  
  26  2:58  SCV  
  27  3:07  Marine x2  
  27  3:10  SCV, Orbital Command  
  30  3:15  Siege Tank  
  33  3:20  Supply Depot  
  33  3:22  SCV  
  34  3:28  Marine x2  
  34  3:31  Starport Tech Lab  
  36  3:34  SCV  
  36  3:38  SCV  
  38  3:43  Engineering Bay  
  38  3:46  SCV  
  38  3:47  Marine x2  
  41  3:52  Refinery  
  41  3:55  Raven  
  41  3:57  SCV  
  41  3:58  SCV  
  45  4:09  SCV, Supply Depot  
  45  4:15  SCV  
  46  4:19  Marine x2  
  46  4:20  Siege Tank  
  46  4:21  SCV  
  46  4:23  Supply Depot  
  52  4:27  SCV  
  53  4:33  Supply Depot  
  38  4:58  Siege Tank  
  38  4:59  Viking x2  
  43  5:01  SCV  
  43  5:10  SCV  
  44  5:14  Factory  
  44  5:18  SCV  
  45  5:22  Marine  
  45  5:24  Command Center  
  45  5:26  SCV  
  47  5:30  SCV  
  47  5:34  Viking  
  46  5:38  SCV  
  47  5:44  SCV  
  48  5:51  SCV  
  48  5:57  SCV  
  50  6:03  SCV, Refinery  
  50  6:04  Supply Depot  
  51  6:05  Supply Depot  
  51  6:09  SCV  
  52  6:15  SCV  
  53  6:20  Siege Tank  
  53  6:25  SCV  
  57  6:29  Armory  
  57  6:30  SCV  
  58  6:37  SCV  
  58  6:38  Orbital Command  
  59  6:42  SCV  
  59  6:45  Starport Reactor  
  60  6:49  SCV, Hellion x2  
  60  6:51  Infernal Pre-Igniter  
  65  6:54  SCV  
  65  6:55  Hellion  
  65  7:01  SCV  
  69  7:04  Command Center  
  69  7:06  SCV  
  70  7:13  SCV  
  70  7:14  Orbital Command  
  71  7:17  Siege Tank  
  71  7:18  SCV, Hellion x2  
  79  7:25  SCV  
  80  7:30  SCV  
  80  7:32  Viking x2  
  85  7:37  SCV  
  85  7:40  SCV  
  85  7:43  SCV  
  88  7:51  SCV  
  89  7:52  Sensor Tower, SCV, Refinery x2, Terran Vehicle Weapons Level 1  
  90  7:59  SCV  
  90  8:01  Supply Depot  
  90  8:02  Supply Depot  
  90  8:03  Hellion x2  
  95  8:09  SCV  
  95  8:12  SCV  
  97  8:13  SCV  
  99  8:20  Command Center  
  99  8:22  Orbital Command  
  99  8:25  Supply Depot  
  98  8:27  Supply Depot  
  98  8:29  Siege Tank  
  98  8:30  Hellion x2  
  105  8:35  Factory  
  105  8:36  Factory  
  105  8:39  SCV  
  105  8:40  SCV  
  107  8:45  Viking, Barracks Tech Lab  
  107  8:46  SCV, Factory  
  110  8:50  Orbital Command  
  110  8:57  SCV  
  110  8:59  SCV  
  112  9:03  Siege Tank  
  112  9:05  Orbital Command  
  112  9:06  SCV  
  116  9:24  Siege Tank  
  114  9:26  Viking x2  
  114  9:29  SCV  
  87  9:53  Siege Tank, Hellion x3  
  87  9:55  Factory Tech Lab  
  87  9:56  Siege Tank, SCV  
  87  9:59  Viking x2  
  97  10:01  Orbital Command  
  97  10:03  SCV  
  97  10:04  Terran Vehicle Weapons Level 2, SCV  
  97  10:15  SCV  
  97  10:18  SCV  
  97  10:19  Siege Tank  
  97  10:21  Hellion x3  
  108  10:22  SCV  
  108  10:25  Hellion  
  108  10:27  SCV  
  112  10:30  SCV, Refinery, Viking  
  115  10:37  SCV  
  115  10:41  SCV  
  117  10:45  SCV  
  117  10:46  SCV  
  117  10:49  Thor  
  125  10:51  Hellion x3  
  119  11:09  Viking x2  
  119  11:11  SCV  
  120  11:17  Thor  
  124  11:19  SCV, Hellion x4  
  124  11:21  Refinery  
  124  11:22  SCV x2  
  124  11:23  SCV  
  136  11:31  SCV  
  137  11:34  SCV  
  137  11:37  SCV x2  
  140  11:41  Thor x2  
  140  11:44  SCV, Hellion x3  
  159  11:51  SCV  
  159  11:53  SCV x2  
  162  11:59  Command Center  
  162  12:01  Hellion, Planetary Fortress  
  164  12:03  Missile Turret  
  164  12:05  Missile Turret  
  164  12:09  SCV  
  164  12:10  Command Center  
  161  12:25  Missile Turret  
  147  12:34  Siege Tank x3, Hellion x3  
  160  12:41  SCV  
  160  12:43  Liberator  
  161  12:45  SCV  
  161  12:46  SCV  
  161  12:50  Refinery  
  163  12:51  Refinery  
  163  12:54  Liberator  
  163  12:56  Fusion Core, Hellion  
  163  12:57  Starport x2  
  169  12:59  SCV  
  169  13:05  Terran Vehicle Weapons Level 3  
  169  13:06  Supply Depot  
  169  13:07  Supply Depot  
  169  13:08  SCV  
  169  13:21  Orbital Command  
  165  13:33  Siege Tank x3, Hellion x2  
  165  13:34  Starport Reactor, Hellion, Starport Tech Lab  
  178  13:43  Thor x4  
  178  13:48  SCV  
  179  13:52  SCV  
  180  13:56  Thor x4  
  180  14:00  Liberator x2  
  180  14:06  SCV  
  181  14:12  Command Center  
  181  14:15  SCV  
  181  14:16  Advanced Ballistics  
  181  14:19  Viking x2  
  181  14:20  Viking  
  193  14:29  Thor  
  196  14:39  SCV  
  196  14:43  SCV  
  154  14:58  Thor x3  
  154  14:59  Viking x3  
  176  15:00  SCV  
  176  15:05  Command Center  
  174  15:08  Hellion  
  174  15:09  Hellion  
  174  15:10  SCV  
  174  15:11  Thor  
  157  15:33  Hellion x2, Sensor Tower  
  145  15:41  Hellion  
  139  15:52  Viking  
  139  15:53  Viking x3  
  147  15:57  Orbital Command  
  147  16:03  Viking  
  146  16:04  Siege Tank  
  146  16:05  Siege Tank, Hellion x2  
  150  16:15  Hellion  
  150  16:16  Hellion  
  152  16:22  Viking  
  147  16:26  Viking x3  
  153  16:32  Refinery  
Tags
 
Add a new tag
Caveats
  • Supply blocks, unpowered buildings, or Contaminate may cause inaccurate times.
  • Supply counts are checked every 10 seconds.